 Dungeon Crawl Stone Soup version 0.20.1-1-g8b1a95d (webtiles) character file.

170 leoctania the Magician (level 5, 0/37 HPs)
             Began as a Demonspawn Wizard on July 14, 2017.
             Was an Initiate of Sif Muna.
             Slain by a mummy (15 damage)
             ... in an ossuary.
             The game lasted 00:41:04 (3839 turns).

leoctania the Magician (Demonspawn Wizard)          Turns: 3839, Time: 00:41:05

Health: 0/37       AC:  3    Str:  7    XL:     5   Next: 26%
Magic:  5/11       EV: 12    Int: 22    God:    Sif Muna [......]
Gold:   167        SH:  0    Dex: 12    Spells: 2/12 levels left

rFire    . . .     SeeInvis .   u - +2 dagger (venom)
rCold    . . .     Gourm    .   (no shield)
rNeg     . . .     Faith    .   r - +0 leather armour
rPois    .         Spirit   .   b - +0 hat
rElec    .         Reflect  .   (no cloak)
rCorr    .         Harm     .   (no gloves)
MR       .....                  (no boots)
Stlth    ++........             (no amulet)
Regen    0.2/turn               (no ring)
MPRegen  0.2/turn               (no ring)

@: very slightly contaminated
A: horns 2, talons 1, clever 1, demonic guardian 1
a: Renounce Religion


You were in an ossuary.
You worshipped Sif Muna.
Sif Muna was noncommittal.
You were hungry.

You visited 1 branch of the dungeon, and saw 4 of its levels.
You also visited: Ossuary.

You collected 167 gold pieces.

Inventory:

Hand Weapons
 q - a +0 spear
 t - a +0 whip
 u - a +2 dagger of venom (weapon)
 B - a +0 hunting sling
Missiles
 e - 171 stones
 j - 6 needles of paralysis (quivered)
 k - 42 poisoned needles
 n - 36 arrows
 A - 5 javelins
 F - 28 sling bullets
Armour
 a - a +0 robe
 b - a +0 hat (worn)
 f - a +0 ring mail
 h - a +0 scale mail
 o - a +0 scale mail
 r - a +0 leather armour (worn)
 x - a +0 pair of boots
Jewellery
 y - an uncursed ring of protection from magic {unknown}
 E - an uncursed ring of ice {unknown}
Scrolls
 s - a scroll of amnesia
 w - a scroll of identify
Potions
 g - 2 potions of magic {unknown}
 m - a potion of cancellation {unknown}
 v - a potion of degeneration {unknown}
 z - a potion of invisibility {unknown}
 C - a potion of lignification {unknown}
 D - a potion of berserk rage {unknown}
Books
 c - a book of Minor Magic

   Spells                             Type                      Level
   a - Magic Dart                     Conjuration                  1
   b - Blink                          Translocation                2
   c - Call Imp                       Summoning                    2
   d - Slow                           Hexes                        2
   e - Conjure Flame                  Conjuration/Fire             3
   f - Mephitic Cloud                 Conjuration/Poison/Air       3
Comestibles
 d - 7 bread rations
 i - a meat ration
 l - 2 fruits
 p - a royal jelly


   Skills:
 + Level 1.0 Fighting
 + Level 0.6 Short Blades
 + Level 1.0 Armour
 + Level 2.2 Dodging
 + Level 2.2 Stealth
 + Level 4.4 Spellcasting
 + Level 2.1 Conjurations
 + Level 1.0 Summonings
 + Level 0.8 Translocations


You had 2 spell levels left.
You knew the following spells:

 Your Spells              Type           Power        Failure   Level  Hunger
a - Magic Dart            Conj           ##..         6%          1    None
b - Blink                 Tloc           N/A          17%         2    #......
c - Call Imp              Summ           #.......     16%         2    #......
d - Slow                  Hex            #.......     24%         2    #......
e - Conjure Flame         Conj/Fire      #.......     30%         3    ##.....


Dungeon Overview and Level Annotations

Branches:
Dungeon (4/15)
 Temple: D:4-7

Altars:
Hepliaklqana
Kikubaaqudgha
Nemelex Xobeh
Sif Muna
Uskayaw
Zin


Innate Abilities, Weirdness & Mutations

You have a pair of horns on your head.
A weak demonic guardian rushes to your aid.
You have sharp toenails.
Your mind is acute. (Int +2)


Message History

An arrow shoots out and hits you!
You found an arrow trap!
You found a net trap!
There is an arrow trap here.
You hit the mummy.
The mummy is severely damaged.
You hit the mummy but do no damage.
The mummy is severely damaged.
The mummy hits you. The mummy hits you!
Your iron imp barely misses the mummy.
Casting: Magic Dart
Confirm with . or Enter, or press ? or * to list all spells.
You miscast Blink.
You are very lightly contaminated with residual magic.
Nothing appears to happen.
The mummy closely misses you.
Your iron imp hits the mummy!
The mummy is destroyed!
Sif Muna accepts your kill. The mummy hits you!
You die...

#.....#
+.....+
##.....##
#...^...#
#...^...#
#..^∩.^.#
#.5.^...#
#...∩...#
#.@M....#
#..M....#
##.....##
#.....#
##...##
#####


You could see 2 mummies and a friendly iron imp.

Vanquished Creatures
  A howler monkey skeleton (D:2)
  4 adders
  An ooze (D:3)
  2 adder zombies (D:2)
  An adder skeleton (D:2)
  A worm (D:2)
  3 dart slugs
  4 leopard geckos
  4 bat zombies
  4 giant cockroaches
  8 goblins
  12 hobgoblins
  9 jackals (D:2)
  8 kobolds
  A quokka (D:2)
  2 ball pythons (D:1)
  3 bats
  5 frilled lizards
  A leopard gecko zombie (D:2)
  10 rats
84 creatures vanquished.

Vanquished Creatures (collateral kills)
  A mummy (Ossuary)
1 creature vanquished.

Grand Total: 85 creatures vanquished

Notes
Turn   | Place    | Note
-------+----------+-------------------------------------------
     0 | D:1      | leoctania the Demonspawn Wizard began the quest for the Orb.
     0 | D:1      | Reached XP level 1. HP: 13/13 MP: 4/4
   454 | D:1      | Gained mutation: A weak demonic guardian rushes to your aid. [demonic ancestry]
   454 | D:1      | Reached XP level 2. HP: 19/19 MP: 0/6
   922 | D:1      | Learned a level 2 spell: Blink
   925 | D:1      | Learned a level 2 spell: Call Imp
   928 | D:1      | Learned a level 2 spell: Slow
  1376 | D:2      | Gained mutation: You have a pair of small horns on your head. [demonic ancestry]
  1376 | D:2      | Reached XP level 3. HP: 24/24 MP: 0/8
  1923 | D:2      | Found a hazy altar of Hepliaklqana.
  1932 | D:2      | Found a sparkling altar of Nemelex Xobeh.
  1941 | D:2      | Found an ancient bone altar of Kikubaaqudgha.
  2067 | D:2      | Found a deep blue altar of Sif Muna.
  2071 | D:2      | Became a worshipper of Sif Muna the Loreminder
  2282 | D:2      | Reached skill level 4 in Spellcasting
  2282 | D:2      | Gained mutation: You have a pair of horns on your head. [demonic ancestry]
  2282 | D:2      | Reached XP level 4. HP: 25/31 MP: 1/10
  2536 | D:2      | Learned a level 3 spell: Conjure Flame
  2615 | D:2      | Gained mutation: You have sharp toenails. [potion of mutation]
  2615 | D:2      | Gained mutation: Your mind is acute. (Int +2) [potion of mutation]
  2847 | D:2      | Reached skill level 1 in Fighting
  2979 | D:2      | Found a hide-covered altar of Uskayaw.
  3074 | D:2      | Reached skill level 1 in Armour
  3475 | D:3      | Reached XP level 5. HP: 37/37 MP: 5/11
  3561 | D:3      | Found a glowing silver altar of Zin.
  3821 | D:4      | Found a sand-covered staircase.
  3827 | Ossuary  | Entered an ossuary
  3839 | Ossuary  | Slain by a mummy

Skill      XL: |  1  2  3  4  5 |
---------------+----------------+-----
Dodging        | 2 |  2.2
Stealth        | 2 |  2.2
Spellcasting   | 4 |  4.4
Fighting       | 1 |  1.0
Armour         | 1 |  1.0
Conjurations   | 2 |  2.1
Short Blades   | |  0.6
Summonings     | |  1.0
Translocations | |  0.8

Action                   |  1- 3 |  4- 6 || total
-------------------------+-------+-------++-------
Melee: Dagger            |    67 |    34 ||   101
       Headbutt          |     2 |     4 ||     6
       Kick              |       |     4 ||     4
 Cast: Magic Dart        |   119 |   116 ||   235
  Use: Scroll            |     4 |     3 ||     7
       Potion            |     1 |     2 ||     3
  Eat: Chunk             |     4 |       ||     4
       Bread ration      |       |     1 ||     1
Armor: Robe              |     6 |       ||     6
       Leather armour    |    19 |    12 ||    31
Dodge: Dodged            |    67 |    49 ||   116
